 Dungeon Crawl Stone Soup version 0.21-a0-509-gecc5317 (webtiles) character file.

253 slep the Shield-Bearer (level 5, -4/47 HPs)
             Began as a Minotaur Fighter on Nov 30, 2017.
             Slain by an orc
             ... wielding a +0 flail
              (6 damage)
             ... on level 5 of the Dungeon.
             The game lasted 00:09:16 (2601 turns).

slep the Shield-Bearer (Minotaur Fighter)           Turns: 2601, Time: 00:09:16

Health: -4/47      AC:  7    Str: 20    XL:     5   Next: 90%
Magic:  4/4        EV:  8    Int:  5    God:
Gold:   102        SH: 10    Dex: 11    Spells: 4/4 levels left

rFire    . . .     SeeInvis .   a - +0 long sword
rCold    . . .     Gourm    .   c - +0 shield
rNeg     . . .     Faith    .   b - +0 scale mail
rPois    .         Spirit   .   (helmet restricted)
rElec    .         Reflect  .   (no cloak)
rCorr    .         Harm     .   (no gloves)
MR       .....                  (no boots)
Stlth    ..........             (no amulet)
HPRegen  0.15/turn              (no ring)
MPRegen  0.09/turn              (no ring)

@: no status effects
A: retaliatory headbutt, horns 2
a: no special abilities


You were on level 5 of the Dungeon.
You were not hungry.

You visited 1 branch of the dungeon, and saw 5 of its levels.

You collected 102 gold pieces.

Inventory:

Hand Weapons
 a - a +0 long sword (weapon)
 p - a +0 blowgun
Missiles
 n - 4 exploding tomahawks (quivered)
 q - 9 poisoned needles
Armour
 b - a +0 scale mail (worn)
 c - a +0 shield (worn)
Wands
 u - a wand of random effects (41)
Scrolls
 e - a scroll of noise {unknown}
 h - a scroll of magic mapping {unknown}
 i - a scroll of identify {unknown}
 k - 2 scrolls of enchant weapon {unknown}
 l - a scroll of fog {unknown}
 o - 2 scrolls of teleportation {unknown}
 r - a scroll of blinking {unknown}
 t - a scroll of random uselessness {unknown}
Potions
 d - a potion of might
 j - a potion of agility {unknown}
 m - 2 potions of curing
 v - 2 potions of berserk rage {unknown}
 w - a potion of magic {unknown}
Comestibles
 f - 5 bread rations
 g - 2 fruits


   Skills:
 + Level 4.5 Fighting
 + Level 4.3 Long Blades
 + Level 4.9 Armour
 + Level 1.3 Dodging
 + Level 0.2 Stealth
 + Level 5.1 Shields


You had 4 spell levels left.
You didn't know any spells.

Dungeon Overview and Level Annotations

Branches:
Dungeon (5/15)
 Temple: D:4-7

Altars:
Xom
Zin

Annotations:
D:4 Ijyb


Innate Abilities, Weirdness & Mutations

You reflexively headbutt those who attack you in melee.
You have a pair of horns on your head.


Message History

You see here a ring mail.
An orc comes into view. It is wielding a flail.
The orc shouts!
You hear a shout! x2
Found 9 gold pieces.
An orc priest comes into view. It is wielding a flail.
The orc priest invokes the aid of Beogh against you.
Beogh smites you!
* * * LOW HITPOINT WARNING * * *
The orc priest calls down the wrath of Beogh upon you.
Beogh smites you!
* * * LOW HITPOINT WARNING * * *
An orc wizard comes into view. It is wielding a dagger.
An orc wizard comes into view. It is wielding a dagger.
The orc wizard shouts!
You block the orc priest's attack. The orc completely misses you.
You riposte.
You hit the orc but do no damage. You headbutt the orc.
The orc is severely wounded.
An orc wizard comes into view. It is wielding a dagger of venom.
The orc wizard moves out of view.
The orc hits you with a flail.
You die...

.... ... ... .. #.## ..#
#.# .#
################@#.$.#.
....o..o..o....ooo.....#
#########....###.#...#.#
#....# #.#...# #....#
#o# ..# ...#### #.. ..#
..... ... .. #....# ##.#
##. #....# ..


You could see an orc priest, 2 orc wizards and 2 orcs.

Vanquished Creatures
  2 worker ants
  Natasha (thrice) (D:3)
  7 adders
  An adder skeleton (D:4)
  3 worms (D:2)
  5 leopard geckos
  9 bats
  2 giant cockroaches
  5 goblins
  6 hobgoblins
  5 kobolds
  5 frilled lizards
  6 rats
59 creatures vanquished.

Notes
Turn   | Place    | Note
-------+----------+-------------------------------------------
     0 | D:1      | slep the Minotaur Fighter began the quest for the Orb.
     0 | D:1      | Reached XP level 1. HP: 19/19 MP: 0/0
   305 | D:1      | Reached XP level 2. HP: 27/27 MP: 1/1
   710 | D:2      | Found a glowing silver altar of Zin.
   735 | D:2      | Reached skill level 4 in Shields
   787 | D:2      | HP: 1/27 [leopard gecko (3)]
   801 | D:2      | Reached XP level 3. HP: 3/33 MP: 2/2
  1308 | D:3      | Reached XP level 4. HP: 34/40 MP: 3/3
  1508 | D:3      | Noticed Natasha
  1514 | D:3      | Killed Natasha
  1639 | D:3      | Reached skill level 1 in Dodging
  1970 | D:3      | Noticed Natasha
  1975 | D:3      | Killed Natasha
  1975 | D:3      | Reached XP level 5. HP: 47/47 MP: 4/4
  2180 | D:4      | Noticed an ogre
  2190 | D:3      | Reached skill level 5 in Shields
  2204 | D:3      | Noticed Natasha
  2213 | D:3      | Killed Natasha
  2231 | D:4      | Noticed Ijyb
  2346 | D:4      | Found a shimmering altar of Xom.
  2541 | D:5      | Entered Level 5 of the Dungeon
  2599 | D:5      | HP: 2/47 [orc priest/divine providence (11)]
  2601 | D:5      | Slain by an orc

Vault maps used:
D:1:      giann_bridges
D:2:      zin_treasury
D:3:      first_bread, minmay_misc_feat_five, minmay_misc_feat_nine_boxes,
          minmay_crystal_water, minmay_misc_feat_cross, uniq_natasha
D:4:      xom_butterflies, marbit_many_paths, temple_doors_ab, serial_shops,
          shop, ashenzari_altar_1, uniq_grinder, uniq_ijyb
D:5:      kiku_gazebo_garden_becter, grunt_gozag_statues,
          gammafunk_temple_overflow_pools, kennysheep_generic_room_4

Skill      XL: |  1  2  3  4  5 |
---------------+----------------+-----
Fighting       | 4 |  4.5
Shields        | 4 5 |  5.1
Armour         | 4 |  4.9
Long Blades    | 3 4 |  4.3
Dodging        | 1 |  1.3
Stealth        | |  0.2

Action                   |  1- 3 |  4- 6 || total
-------------------------+-------+-------++-------
Melee: Long sword        |    92 |    91 ||   183
       Headbutt          |    14 |    11 ||    25
  Eat: Chunk             |     1 |     5 ||     6
Armor: Scale mail        |    42 |    36 ||    78
Dodge: Dodged            |    23 |    30 ||    53
Block: Shield            |    53 |    51 ||   104
       Rpst.: Long sword |     6 |    11 ||    17

Table legend:
 A = Spawn XP
 B = Non-spawn XP
 C = Spawn XP percentage of total XP
 D = Spawn monster count
 E = Non-spawn monster count
 F = Spawn count percentage of total count
 G = Total turns spent on level
                    A         B        C        D         E        F      G
               +---------+---------+-------+---------+---------+-------+---------
         Total |       0 |     362 |   0.0 |       0 |      59 |   0.0 |  2601
               +---------+---------+-------+---------+---------+-------+---------
           D:1 |       0 |      15 |   0.0 |       0 |       9 |   0.0 |   695
           D:2 |       0 |      72 |   0.0 |       0 |      23 |   0.0 |   603
           D:3 |       0 |     220 |   0.0 |       0 |      23 |   0.0 |  1006
           D:4 |       0 |      42 |   0.0 |       0 |       3 |   0.0 |   237
           D:5 |       0 |      13 |   0.0 |       0 |       1 |   0.0 |    60
               +---------+---------+-------+---------+---------+-------+---------
